 Dungeon Crawl Stone Soup version 0.21.1-1-g345015fe64 (webtiles) character file.

90 Denreik the Skirmisher (level 4, -6/39 HPs)
             Began as a Formicid Fighter on May 18, 2018.
             Mangled by Prince Ribbit (17 damage)
             ... on level 4 of the Dungeon.
             The game lasted 00:01:55 (931 turns).

Denreik the Skirmisher (Formicid Fighter)            Turns: 931, Time: 00:01:56

Health: -6/39      AC:  6    Str: 22    XL:     4   Next: 85%
Magic:  4/4        EV:  8    Int:  7    God:
Gold:   62         SH:  9    Dex: 10    Spells: 3/3 levels left

rFire    . . .     SeeInvis +   a - +0 quarterstaff
rCold    . . .     Gourm    .   c - +0 shield
rNeg     . . .     Faith    .   b - +0 scale mail
rPois    .         Spirit   .   (helmet unavailable)
rElec    .         Reflect  .   (no cloak)
rCorr    .         Harm     .   (no gloves)
MR       .....                  (no boots)
Stlth    ..........             (no amulet)
HPRegen  0.13/turn              (no ring)
MPRegen  0.09/turn              (no ring)

@: no status effects
A: permanent stasis, dig shafts and tunnels, four strong arms, antennae 3
a: Dig, Shaft Self


You were on level 4 of the Dungeon.
You were hungry.

You visited 1 branch of the dungeon, and saw 4 of its levels.

You collected 62 gold pieces.

Inventory:

Hand Weapons
 a - a +0 quarterstaff (weapon)
Missiles
 e - 30 sling bullets
Armour
 b - a +0 scale mail (worn)
 c - a +0 shield (worn)
Scrolls
 i - a scroll of identify {unknown}
 j - a scroll of remove curse {unknown}
Potions
 d - a potion of might
 h - a potion of flight {unknown}
Comestibles
 f - 2 rations


   Skills:
 * Level 5.5 Fighting
 - Level 2.0 Staves
 - Level 3.4 Armour
 - Level 3.7 Shields


You had 3 spell levels left.
You didn't know any spells.

Dungeon Overview and Level Annotations

Branches:
Dungeon (5/15)
 Temple: D:4-7

Altars:

Shops:
D:4 *

Annotations:
D:4 Prince Ribbit


Innate Abilities, Weirdness & Mutations

You cannot be hasted, slowed, berserked, paralysed or teleported.
You can dig through walls and to a lower floor.
Your four strong arms can wield two-handed weapons with a shield.
You have a pair of large antennae on your head. (SInv)


Message History

The killer bee zombie barely misses you.
You block the centaur zombie's attack. Prince Ribbit hits you.
You block the shadow imp's attack. The centaur zombie hits you.
The killer bee zombie hits you.
You climb upwards.
Found Jeipt's General Store.
There is a stone staircase leading down here.
You extend your mandibles.
You dig through the rock wall.
Prince Ribbit hops awkwardly around.
Prince Ribbit hits you.
You dig through the rock wall.
You retract your mandibles.
You closely miss Prince Ribbit. Prince Ribbit hits you!
* * * LOW HITPOINT WARNING * * *
You block Prince Ribbit's attack.
You sock Prince Ribbit!
Prince Ribbit is moderately wounded.
Prince Ribbit closely misses you. Prince Ribbit hits you!
You die...

### #
#@####.####
##F5......#
##>##.##.
#...# #.#.#
#. ∩. ##
.#. .#.# ..
#


You could see Prince Ribbit and a shadow imp.

Vanquished Creatures
  An orc priest (D:4)
  A hound zombie (D:5)
  An ooze (D:1)
  2 worms
  2 dart slugs
  3 orcs
  2 giant cockroaches (D:1)
  4 goblins
  5 jackals (D:2)
  2 bats
  A frilled lizard (D:1)
  2 kobolds (D:1)
  2 rats
28 creatures vanquished.

Notes
Turn   | Place    | Note
-------+----------+-------------------------------------------
     0 | D:1      | Denreik the Formicid Fighter began the quest for the Orb.
     0 | D:1      | Reached XP level 1. HP: 18/18 MP: 1/1
   132 | D:1      | Reached XP level 2. HP: 24/24 MP: 2/2
   437 | D:1      | Reached skill level 4 in Fighting
   447 | D:1      | You fall through a shaft!
   453 | D:2      | Reached XP level 3. HP: 30/30 MP: 3/3
   642 | D:2      | You fall through a shaft for 2 floors!
   666 | D:4      | Reached skill level 5 in Fighting
   666 | D:4      | Reached XP level 4. HP: 14/39 MP: 4/4
   855 | D:4      | You fall through a shaft!
   855 | D:5      | Entered Level 5 of the Dungeon
   916 | D:5      | Noticed Prince Ribbit
   927 | D:4      | Found Jeipt's General Store.
   931 | D:4      | Mangled by Prince Ribbit

Skill      XL: |  1  2  3 |
---------------+----------+-----
Fighting       | 4 5 |  5.5
Staves         | |  2.0
Armour         | |  3.4
Shields        | |  3.7

Action                   |  1- 3 |  4- 6 || total
-------------------------+-------+-------++-------
Melee: Quarterstaff      |    80 |    20 ||   100
 Abil: Shaft Self        |     2 |     1 ||     3
       Dig               |     1 |     1 ||     2
  Eat: Chunk             |       |     1 ||     1
Armor: Scale mail        |    22 |     4 ||    26
Dodge: Dodged            |    22 |     7 ||    29
Block: Shield            |    43 |    15 ||    58
